 Dungeon Crawl Stone Soup version 0.24.1-11-gbbbb2193e6 (webtiles) character file.

Game seed: 12280670761158845004, levelgen mode: deterministic

151 Mrkan the Charlatan (level 5, -6/41 HPs)
             Began as a Gnoll Artificer on May 15, 2020.
             Mangled by an ogre
             ... wielding a +0 giant club
              (17 damage)
             ... on level 4 of the Dungeon.
             The game lasted 00:04:52 (2803 turns).

Mrkan the Charlatan (Gnoll Artificer)               Turns: 2803, Time: 00:04:52

Health: -6/41      AC:  5    Str: 14    XL:     5   Next: 33%
Magic:  9/9        EV: 14    Int: 14    God:
Gold:   148        SH:  0    Dex: 16    Spells: 6/6 levels left

rFire    . . .     SeeInvis .   B - +0 dagger (venom)
rCold    . . .     Gourm    .   (no shield)
rNeg     . . .     Faith    .   b - +0 leather armour
rPois    .         Spirit   .   (helmet restricted)
rElec    .         Reflect  .   (no cloak)
rCorr    .         Harm     .   x - +0 pair of gloves
MR       .....                  (no boots)
Stlth    ++........             (no amulet)
HPRegen  0.13/turn              (no ring)
MPRegen  0.11/turn              (no ring)

@: no status effects
A: distributed training, fangs 1, horns 1, rugged brown scales 1, low mp 1,
strong nose
a: no special abilities


You were on level 4 of the Dungeon.
You were not hungry.

You visited 1 branch of the dungeon, and saw 4 of its levels.

You collected 148 gold pieces.

Inventory:

Hand Weapons
 q - a +4 dagger
 z - a +0 spear of venom
 B - a +0 dagger of venom (weapon)
Missiles
 A - 3 silver boomerangs (quivered)
Armour
 b - a +0 leather armour (worn)
 h - a +0 ring mail
 x - a +0 pair of gloves (worn)
Jewellery
 a - an uncursed ring of positive energy {unknown}
 w - a +4 ring of strength {unknown}
 y - an uncursed ring of magical power {unknown}
Wands
 c - a wand of flame (13)
 d - a wand of enslavement (22)
 e - a wand of random effects (15)
Scrolls
 g - 4 scrolls of identify {unknown}
 i - 2 scrolls of magic mapping {unknown}
 j - 3 scrolls of noise {unknown}
 l - a scroll of enchant armour {unknown}
 p - 4 scrolls of remove curse {unknown}
 t - a scroll of teleportation {unknown}
 u - 2 scrolls of fear {unknown}
 v - a scroll of blinking {unknown}
Potions
 k - a potion of degeneration {unknown}
 m - 2 potions of invisibility
 n - a potion of resistance {unknown}
 o - a potion of lignification {unknown}
 r - a potion of mutation
 s - 3 potions of brilliance
Comestibles
 f - 2 rations
 C - a chunk of flesh


   Skills:
 + Level 2.9 Fighting
 + Level 2.9 Short Blades
 + Level 1.4 Long Blades
 + Level 1.4 Axes
 + Level 1.4 Maces & Flails
 + Level 1.4 Polearms
 + Level 1.4 Staves
 + Level 1.4 Slings
 + Level 1.4 Bows
 + Level 1.4 Crossbows
 + Level 1.4 Throwing
 + Level 1.4 Armour
 + Level 4.7 Dodging
 + Level 2.7 Stealth
 + Level 1.4 Shields
 + Level 1.4 Unarmed Combat
 + Level 1.4 Spellcasting
 + Level 1.1 Conjurations
 + Level 1.1 Hexes
 + Level 1.1 Charms
 + Level 1.1 Summonings
 + Level 1.1 Necromancy
 + Level 1.1 Translocations
 + Level 1.1 Transmutations
 + Level 1.1 Fire Magic
 + Level 1.1 Ice Magic
 + Level 1.1 Air Magic
 + Level 1.1 Earth Magic
 + Level 1.1 Poison Magic
 + Level 1.6 Invocations
 + Level 6.7 Evocations


You had 6 spell levels left.
You didn't know any spells.
Your spell library contained the following spells:

 Spells                   Type           Power        Failure   Level  Hunger
 Magic Dart               Conj           #...         19%         1    ##.....
 Searing Ray              Conj           #.....       28%         2    ###....
 Dazzling Spray           Conj/Hex       #.....       50%         3    ####...
 Force Lance              Conj/Tloc      #.......     88%         4    #####..
 Fulminant Prism          Conj/Hex       #.........   88%         4    #####..
 Iskenderun's Mystic Bla  Conj           #.......     88%         4    #####..


Dungeon Overview and Level Annotations

Branches:
Dungeon (4/15)
 Temple: D:4-7

Altars:
Cheibriados
Ru


Innate Abilities, Weirdness & Mutations

Your experience applies equally to all skills.
You have very sharp teeth.
Your uncanny sense of smell can sniff out nearby items.
You have a pair of small horns on your head.
You are partially covered in rugged brown scales. (AC +1, +3% HP)
Your magical capacity is low. (-10% MP)


Message History

Evoke which item? (* to show all) (? for menu, Esc to quit)
Aiming: Enslavement
Press: ? - help, Shift-Dir - straight line, f/p - ogre
Aim: an ogre, wielding a +0 giant club (lightly wounded, chance to defeat MR: 66%)
The ogre is charmed.
You start resting.
The ogre is no longer charmed.
The ogre closely misses you.
Found a stone staircase leading up.
You see here 10 gold pieces.
The ogre closely misses you.
Evoke which item? (* to show all) (? for menu, Esc to quit)
Aiming: Throw Flame
Press: ? - help, Shift-Dir - straight line, f/p - ogre
Aim: an ogre, wielding a +0 giant club The puff of flame hits the ogre.
The ogre is moderately wounded.
You hit the ogre.
The ogre is poisoned.
You bite the ogre.
The ogre is moderately wounded.
The ogre hits you with a +0 giant club!
You die...

#...............#
#.........$.....#
#.........#...###
####...#####.##
#...# #.# #÷..#
#.# ##.## #.#
#<######.#####
#..@O........#
#....#####†###.#
#.###.# #.# # #.#
#..# #.# #.## #.#
#. #.# #. #.# #.
..


You could see an ogre.

Vanquished Creatures
  A hound (D:4)
  A worker ant (D:4)
  4 adders
  A worm (D:3)
  A dart slug (D:2)
  2 leopard geckos
  4 orcs (D:3)
  A giant cockroach (D:1)
  5 goblins
  6 hobgoblins
  7 jackals
  A ball python (D:3)
  4 bats
  A frilled lizard (D:2)
  9 kobolds
  5 rats
53 creatures vanquished.

Vanquished Creatures (collateral kills)
  An adder skeleton (D:4)
1 creature vanquished.

Vanquished Creatures (others)
  A worker ant (D:4)
1 creature vanquished.

Grand Total: 55 creatures vanquished

Notes
Turn   | Place    | Note
-------+----------+-------------------------------------------
     0 | D:1      | Mrkan the Gnoll Artificer began the quest for the Orb.
     0 | D:1      | Reached XP level 1. HP: 17/17 MP: 4/4
   347 | D:1      | Reached XP level 2. HP: 18/23 MP: 6/6
  1083 | D:2      | Reached XP level 3. HP: 22/28 MP: 7/7
  1210 | D:2      | Gained mutation: You have a pair of small horns on your
                  | head. [potion of mutation]
  1210 | D:2      | Gained mutation: Your magical capacity is low. (-10% MP)
                  | [potion of mutation]
  1210 | D:2      | Gained mutation: You are partially covered in rugged brown
                  | scales. (AC +1, +3% HP) [potion of mutation]
  1212 | D:2      | HP: 1/28 [poisoned by an adder]
  1441 | D:2      | Reached skill level 1 in Invocations
  1621 | D:2      | Found a snail-covered altar of Cheibriados.
  1794 | D:3      | Reached skill level 1 in Long Blades
  1794 | D:3      | Reached skill level 1 in Axes
  1794 | D:3      | Reached skill level 1 in Maces & Flails
  1794 | D:3      | Reached skill level 1 in Polearms
  1794 | D:3      | Reached skill level 1 in Staves
  1794 | D:3      | Reached skill level 1 in Slings
  1794 | D:3      | Reached skill level 1 in Bows
  1794 | D:3      | Reached skill level 1 in Crossbows
  1794 | D:3      | Reached skill level 1 in Throwing
  1794 | D:3      | Reached skill level 1 in Armour
  1794 | D:3      | Reached skill level 1 in Shields
  1794 | D:3      | Reached skill level 1 in Unarmed Combat
  1794 | D:3      | Reached skill level 1 in Spellcasting
  1794 | D:3      | Reached XP level 4. HP: 28/35 MP: 8/8
  2564 | D:3      | Found a sacrificial altar of Ru.
  2671 | D:4      | Noticed an ogre
  2676 | D:4      | Reached skill level 1 in Conjurations
  2676 | D:4      | Reached skill level 1 in Hexes
  2676 | D:4      | Reached skill level 1 in Charms
  2676 | D:4      | Reached skill level 1 in Summonings
  2676 | D:4      | Reached skill level 1 in Necromancy
  2676 | D:4      | Reached skill level 1 in Translocations
  2676 | D:4      | Reached skill level 1 in Transmutations
  2676 | D:4      | Reached skill level 1 in Fire Magic
  2676 | D:4      | Reached skill level 1 in Ice Magic
  2676 | D:4      | Reached skill level 1 in Air Magic
  2676 | D:4      | Reached skill level 1 in Earth Magic
  2676 | D:4      | Reached skill level 1 in Poison Magic
  2691 | D:4      | Reached XP level 5. HP: 17/41 MP: 8/8
  2716 | D:4      | HP: 2/41 [poisoned by a worker ant]
  2724 | D:4      | HP: 1/41 [poisoned by a worker ant]
  2803 | D:4      | Mangled by an ogre

Levels and vault maps discovered:
D:1:      dpeg_arrival_leaves_temple_mockup, layout_basic
D:2:      layout_rooms, kennysheep_slug_shrine
D:3:      layout_basic, nicolae_ru_the_path_less_chosen
D:4:      layout_loops_ring, first_ration, st_stairs_3

Skill      XL: |  1  2  3  4 |
---------------+-------------+-----
Invocations    | 1 |  1.6
Long Blades    | 1 |  1.4
Axes           | 1 |  1.4
Maces & Flails | 1 |  1.4
Polearms       | 1 |  1.4
Staves         | 1 |  1.4
Slings         | 1 |  1.4
Bows           | 1 |  1.4
Crossbows      | 1 |  1.4
Throwing       | 1 |  1.4
Armour         | 1 |  1.4
Shields        | 1 |  1.4
Unarmed Combat | 1 |  1.4
Spellcasting   | 1 |  1.4
Conjurations   | 1 |  1.1
Hexes          | 1 |  1.1
Charms         | 1 |  1.1
Summonings     | 1 |  1.1
Necromancy     | 1 |  1.1
Translocations | 1 |  1.1
Transmutations | 1 |  1.1
Fire Magic     | 1 |  1.1
Ice Magic      | 1 |  1.1
Air Magic      | 1 |  1.1
Earth Magic    | 1 |  1.1
Poison Magic   | 1 |  1.1
Fighting       | |  2.9
Short Blades   | |  2.9
Dodging        | |  4.7
Stealth        | |  2.7
Evocations     | |  6.7

Action                   |  1- 3 |  4- 6 || total
-------------------------+-------+-------++-------
Melee: Short sword       |    35 |       ||    35
       Bite              |     4 |     7 ||    11
       Dagger            |    65 |    53 ||   118
       Headbutt          |     7 |     8 ||    15
Evoke: Wand              |       |     5 ||     5
  Use: Potion            |     5 |       ||     5
 Stab: Sleeping          |     3 |     3 ||     6
  Eat: Chunk             |     3 |     3 ||     6
Armor: Leather armour    |    19 |     9 ||    28
Dodge: Dodged            |    76 |    43 ||   119
